 Dungeon Crawl Stone Soup version 0.24-a0-441-g27f0392e16 (webtiles) character file.

Game seed: 9791186232480147152

9748 forest the Unseen (level 11, -10/81 HPs)
             Began as a Spriggan Assassin on June 19, 2019.
             Was a Priest of Dithmenos.
             Mangled by a flying skull (12 damage)
             ... in a Gauntlet.
             The game lasted 00:42:04 (13375 turns).

forest the Unseen (Spriggan Assassin)              Turns: 13375, Time: 00:42:06

Health: -10/81     AC:  5    Str: 21    XL:     11   Next: 27%
Magic:  12/12      EV: 28    Int: 14    God:    Dithmenos [***...]
Gold:   304        SH:  7    Dex: 23    Spells: 6/10 levels left

rFire    x . .     SeeInvis +   C - +6 dagger of Autumn {venom, rElec rN+ Str-3 Dex+5}
rCold    . . .     Gourm    .   m - -1 buckler
rNeg     + . .     Faith    .   i - +0 robe "Etienab" {rF- Str+10 Slay+3}
rPois    .         Spirit   .   j - +2 hat
rElec    +         Reflect  .   c - +0 cloak
rCorr    +         Harm     .   (gloves unavailable)
MR       +....     NoTele   +   (boots unavailable)
Stlth    ..........             w - amulet of the acrobat
HPRegen  0.23/turn              s - ring of resist corrosion
MPRegen  0.13/turn              A - +4 ring of slaying

@: berserking, wreathed by umbra, very quick
A: very small, unfitting armour, see invisible, herbivore, speed 3, slow
metabolism 2
a: Shadow Step, Renounce Religion


You were in a Gauntlet.
You worshipped Dithmenos.
Dithmenos was most pleased with you.
You were not hungry.

You visited 2 branches of the dungeon, and saw 12 of its levels.
You also visited: Sewer and Gauntlet.

You collected 654 gold pieces.
You spent 350 gold pieces at shops.

Inventory:

Hand Weapons
 a - a +4 dagger
 t - a +0 hunting sling
 C - the +6 dagger of Autumn (weapon) {venom, rElec rN+ Str-3 Dex+5}
   (You bought it in a shop on level 7 of the Dungeon)

   It poisons the flesh of those it strikes.
   It affects your strength (-3).
   It affects your dexterity (+5).
   It insulates you from electricity.
   It protects you from negative energy.
Missiles
 d - 16 poisoned darts (quivered)
 e - 16 curare-tipped darts
 g - 82 sling bullets
 h - 331 stones
Armour
 c - a +0 cloak (worn)
 i - the +0 robe "Etienab" (worn) {rF- Str+10 Slay+3}
   (You found it on level 8 of the Dungeon)

   It affects your strength (+10).
   It affects your accuracy and damage with ranged weapons and melee attacks
   (+3).
   It makes you vulnerable to fire.
 j - a +2 hat (worn)
 m - a -1 buckler (worn)
 n - a +0 robe of positive energy
Jewellery
 s - a ring of resist corrosion (left hand)
 w - an amulet of the acrobat (around neck)
 A - a +4 ring of slaying (right hand)
Wands
 u - a wand of polymorph (6)
 x - a wand of digging (8)
 D - a wand of iceblast (6)
 F - a wand of enslavement (4)
Scrolls
 k - a scroll of remove curse
 p - 4 scrolls of teleportation
 q - 4 scrolls of fog
 r - 3 scrolls of magic mapping
 y - a scroll of fear
 z - 2 scrolls of enchant armour
 E - 2 scrolls of enchant weapon
Potions
 b - 4 potions of haste
 l - 6 potions of curing
 o - 5 potions of flight
 B - 2 potions of resistance
Comestibles
 f - 17 rations


   Skills:
 + Level 4.6 Fighting
 + Level 9.6 Short Blades
 + Level 5.8 Throwing
 + Level 10.5 Dodging
 + Level 15.6 Stealth
 + Level 3.9 Shields


You had 6 spell levels left.
You knew the following spells:

 Your Spells              Type           Power        Failure   Level  Hunger
a - Blink                 Tloc           N/A          47%         2    ###....
b - Slow                  Hex            #.......     47%         2    ###....

Your spell library contained the following spells:

 Spells                   Type           Power        Failure   Level  Hunger
 Magic Dart               Conj           #...         34%         1    ##.....
 Summon Small Mammal      Summ           #...         34%         1    ##.....
 Call Imp                 Summ           #.......     47%         2    ###....
 Call Canine Familiar     Summ           #.......     71%         3    ####...
 Conjure Flame            Conj/Fire      #.......     71%         3    ####...
 Mephitic Cloud           Conj/Pois/Air  #.......     71%         3    ####...
 Summon Guardian Golem    Hex/Summ       #.......     71%         3    ####...
 Summon Ice Beast         Ice/Summ       #.......     98%         4    #####..
 Summon Lightning Spire   Summ/Air       #.......     98%         4    #####..


Dungeon Overview and Level Annotations

Branches:
Dungeon (11/15)            Temple (1/1) D:5            Lair (0/6) D:11
    Orc (0/2) D:11

Altars:
Ashenzari
Cheibriados
Dithmenos
Elyvilon
Fedhas
Gozag
Hepliaklqana
Kikubaaqudgha
Makhleb
Nemelex Xobeh
Okawaru
Qazlal
Ru
Sif Muna
Trog
Uskayaw
Vehumet
Wu Jian
Xom
Yredelemnul
Zin
The Shining One

Shops:
D:4 *   D:7 =[?*}   D:8 *=

Annotations:
Gauntlet 2 transporters


Innate Abilities, Weirdness & Mutations

You are very small and have problems with some larger weapons.
You are too small for most types of armour.
You have supernaturally acute eyesight. (SInv)
You are a herbivore.
You cover ground extremely quickly.
You need to consume almost no food.


Message History

You block the flying skull's attack. The flying skull completely misses you.
You hit the flying skull.
The flying skull is heavily damaged.
You block the flying skull's attack. x2; The flying skull misses you.
The flying skull closely misses you.
You completely miss the flying skull.
The flying skull is heavily damaged.
The flying skull barely misses you. The flying skull misses you.
The flying skull hits you!
* * * LOW HITPOINT WARNING * * *
The flying skull hits you.
* * * LOW HITPOINT WARNING * * *
It was a potion of berserk rage.
A red film seems to cover your vision as you go berserk!
You feel yourself moving faster!
You feel mighty! You block the flying skull's attack. x2
The flying skull completely misses you. The flying skull hits you!
* * * LOW HITPOINT WARNING * * *
The flying skull hits you!
You die...

#..##########
#..#!≈..©.≈.)
###..#.≈.≈...≈.
#8#..#..≈...≈≈.
#..#.≈.≈≈≈.≈.#.#
#..#≈≈.≈.≈..≈#.#
###..#..≈...≈.≈#.#
#8#..#zz≈.≈≈.≈.#..
###..#@z..≈..≈.#..
#..#.z...≈≈..#..
#..###########..
###≈......©......≈
#8#∩...∩........≈8
###≈......©......§
#..###########..
#..#55.......#..
#..#..##.##..#..


You could see 4 flying skulls and 2 iron imps.

Vanquished Creatures
  Harold (D:7)
  Pikel (D:7)
  Joseph (D:10)
  A troll (D:11)
  A wyvern (D:8)
  11 yaks
  2 flying skulls (Gauntlet)
  A human (D:8)
  4 hogs (D:8)
  A hungry ghost (D:7)
  A soldier ant (D:10)
  A water moccasin (D:4)
  3 sky beasts
  A necrophage (D:8)
  4 orc warriors
  3 ice beasts
  A black bear (D:7)
  2 phantoms (D:8)
  5 centaurs
  2 ogres
  2 big kobolds
  3 bullfrogs
  3 scorpions
  10 wights
  3 howler monkeys
  A bullfrog zombie (D:10)
  5 crimson imps
  2 centaur skeletons
  5 jellies
  5 orc priests
  6 hounds
  Jessica (D:2)
  An iguana (D:6)
  13 worker ants
  12 orc wizards
  A killer bee zombie (D:6)
  A hound skeleton (D:4)
  A howler monkey zombie (D:9)
  9 gnolls
  14 adders
  5 river rats (Sewer)
  A shadow imp (D:7)
  An ooze (D:3)
  2 adder zombies
  An adder skeleton (D:4)
  A worm (D:5)
  5 dart slugs
  10 leopard geckos
  44 orcs
  8 ball pythons
  9 giant cockroaches
  4 goblins
  2 hobgoblins
  8 jackals
  4 quokkas
  15 bats
  11 frilled lizards
  A jackal skeleton (D:4)
  12 kobolds
  A leopard gecko skeleton (D:4)
  15 rats
  A fungus (D:5)
  4 toadstools (D:1)
310 creatures vanquished.

Vanquished Creatures (others)
  A slave (D:7)
  An orc (D:7)
  A fungus (D:5)
3 creatures vanquished.

Grand Total: 313 creatures vanquished

Notes
Turn   | Place    | Note
-------+----------+-------------------------------------------
     0 | D:1      | forest the Spriggan Assassin began the quest for the Orb.
     0 | D:1      | Reached XP level 1. HP: 10/10 MP: 2/2
    52 | D:1      | Reached skill level 6 in Stealth
   128 | D:1      | Reached XP level 2. HP: 14/14 MP: 3/3
   723 | D:2      | Noticed Jessica
   750 | D:1      | Reached skill level 7 in Stealth
   750 | D:1      | Reached XP level 3. HP: 15/18 MP: 4/4
   945 | D:2      | Killed Jessica
   967 | D:2      | Reached XP level 4. HP: 8/23 MP: 5/5
  1395 | D:2      | Found a hazy altar of Hepliaklqana.
  1831 | D:3      | Reached XP level 5. HP: 12/26 MP: 6/6
  2136 | D:3      | Reached skill level 8 in Stealth
  2433 | D:3      | Noticed an air elemental
  2446 | D:3      | Noticed a water elemental
  2447 | D:3      | Found a stormy altar of Qazlal.
  2530 | D:3      | Noticed a fire elemental
  3130 | D:4      | Reached XP level 6. HP: 24/30 MP: 7/7
  3277 | D:4      | Found Losk's Gadget Shoppe.
  3618 | D:4      | Reached skill level 1 in Shields
  3757 | D:4      | Found Jefomiur's Serpentskin Sales.
  3757 | D:4      | Noticed a water moccasin
  4031 | D:4      | Killed a water moccasin
  4031 | D:4      | Reached skill level 9 in Stealth
  4031 | D:4      | Reached XP level 7. HP: 21/35 MP: 8/8
  4414 | D:4      | Bought 7 curare-tipped darts for 42 gold pieces
  4414 | D:4      | Bought 2 curare-tipped darts for 12 gold pieces
  4414 | D:4      | Bought 7 poisoned darts for 28 gold pieces
  4685 | D:4      | Reached skill level 5 in Short Blades
  4688 | D:4      | Found a burning altar of Makhleb.
  5013 | D:4      | Found a glowing silver altar of Zin.
  5013 | D:4      | Noticed a cacodemon
  5013 | D:4      | Noticed an angel
  5224 | D:5      | Entered Level 5 of the Dungeon
  5226 | D:5      | Reached skill level 5 in Dodging
  5226 | D:5      | Reached XP level 8. HP: 39/39 MP: 9/9
  5259 | D:5      | Found a glowing drain.
  5270 | Sewer    | Entered a sewer
  6595 | D:4      | Reached skill level 10 in Stealth
  6616 | D:5      | Found a staircase to the Ecumenical Temple.
  6637 | Temple   | Entered the Ecumenical Temple
  7077 | D:5      | Found a blossoming altar of Fedhas.
  7180 | D:5      | Found a shadowy altar of Dithmenos.
  7201 | D:5      | Became a worshipper of Dithmenos the Shadowed
  7785 | D:6      | Learned a level 2 spell: Blink
  7788 | D:6      | Learned a level 2 spell: Slow
  7812 | D:6      | Found a snail-covered altar of Cheibriados.
  8647 | D:7      | Found a deep blue altar of Sif Muna.
  8653 | D:7      | Found a basalt altar of Yredelemnul.
  8680 | D:7      | Found Bexzul's Gadget Boutique.
  8726 | D:7      | Found Jouch's Assorted Antiques.
  8749 | D:7      | Bought a scroll of identify for 48 gold pieces
  8749 | D:7      | Bought a fine dagger for 168 gold pieces
  8749 | D:7      | Identified the +6 dagger of Autumn {venom, rElec rN+ Str-3
                  | Dex+5} (You bought it in a shop on level 7 of the Dungeon)
  8788 | D:7      | Reached * piety under Dithmenos
  8795 | D:7      | Reached skill level 11 in Stealth
  8795 | D:7      | Reached XP level 9. HP: 35/44 MP: 10/10
  8965 | D:7      | Noticed Harold
  9352 | D:7      | Noticed Pikel
  9371 | D:7      | Killed Pikel
  9371 | D:7      | Reached skill level 12 in Stealth
  9517 | D:7      | Found Keonar's Magic Scroll Emporium.
  9631 | D:7      | Bought a scroll of identify for 26 gold pieces
  9631 | D:7      | Bought a scroll of identify for 26 gold pieces
  9674 | D:7      | Found Betismuog's Armour Boutique.
  9685 | D:7      | Found Ulludi's Jewellery Emporium.
  9967 | D:7      | Killed Harold
  9967 | D:7      | Reached skill level 5 in Throwing
  9967 | D:7      | Reached XP level 10. HP: 49/49 MP: 11/11
 10238 | D:8      | Got a crude robe
 10249 | D:8      | Identified the +0 robe "Etienab" {rF- Str+10 Slay+3} (You
                  | found it on level 8 of the Dungeon)
 10259 | D:8      | Found Peah's Elemental Accessories.
 10320 | D:8      | Reached skill level 13 in Stealth
 10499 | D:8      | Found Rihusk's Jewellery Shop.
 10729 | D:8      | Reached ** piety under Dithmenos
 10827 | D:8      | Found a white marble altar of Elyvilon.
 10827 | D:8      | Found a hide-covered altar of Uskayaw.
 10828 | D:8      | Found an iron altar of Okawaru.
 11184 | D:9      | Reached skill level 14 in Stealth
 11396 | D:9      | Found a sacrificial altar of Ru.
 12156 | D:9      | Found an ornate altar of the Wu Jian Council.
 12422 | D:10     | Entered Level 10 of the Dungeon
 12441 | D:10     | Noticed Joseph
 12446 | D:10     | Killed Joseph
 12446 | D:10     | Reached skill level 10 in Dodging
 12446 | D:10     | Reached skill level 15 in Stealth
 12618 | D:10     | Reached XP level 11. HP: 51/54 MP: 12/12
 12670 | D:10     | Reached *** piety under Dithmenos
 13298 | D:11     | Found a staircase to the Lair.
 13330 | D:11     | Found a gate leading to a gauntlet.
 13340 | Gauntlet | Entered a Gauntlet
 13340 | Gauntlet | Found a transporter.
 13340 | Gauntlet | Found a transporter.
 13344 | Gauntlet | Found a transporter.
 13375 | Gauntlet | HP: 2/81 [flying skull (7)]
 13375 | Gauntlet | Mangled by a flying skull

Levels and vault maps discovered:
D:1:      ldierk_water_garden, layout_basic
D:2:      layout_rooms, lemuel_coloured_pillars_altar, uniq_jessica
D:3:      layout_basic, first_ration, nicolae_qazlal_style_of_elements
D:4:      layout_loops_cross, grunt_temple_overflow_order_and_chaos_2,
          serial_shops, nicolae_shop_statue_plus, guppyfry_shop_venom
D:5:      old_forge, layout_loops_ring, nicolae_overflow_hidden_temple,
          nicolae_dithmenos_shadow_blocks, minmay_temple_entry_stoned_glass,
          cheibrodos_sewer_entry_drain, st_stairs_13
D:6:      layout_basic, marbit_many_paths
D:7:      layout_gridville, amethyst_overflow_temple_binary, serial_shops, shop,
          shop_fountains, shop, nicolae_shop_stone, nicolae_shop_crystal,
          uniq_pikel, uniq_harold
D:8:      layout_loops_corners, gammafunk_temple_overflow_claw, serial_shops,
          shop, grunt_livestock, nicolae_elemental_shop
D:9:      layout_layer_cave, lemuel_crystal_altar, lemuel_statue_altar
D:10:     layout_gridville, uniq_joseph
D:11:     layout_loops_ring, david_lair_generic, david_orc_2, basic_altar,
          gauntlet_entry_generic, uniq_snorg
Temple:   compressed_dpeg_circular_temple
Gauntlet: gammafunk_gauntlet_branching [nicolae_gauntlet_arena_flowing_pool,
          nicolae_gauntlet_arena_quarters, gammafunk_gauntlet_arena_spirals,
          gammafunk_gauntlet_arena_arrow_garden, gammafunk_gauntlet_arena_grid,
          gammafunk_gauntlet_arena_crates, gammafunk_gauntlet_arena_open,
          gammafunk_gauntlet_arena_hedges, gauntlet_exit_hidden_loot]

Skill      XL: |  1  2  3  4  5  6  7  8  9 10 |
---------------+-------------------------------+-----
Stealth        | 6 7 8 9 11 12 15 | 15.6
Short Blades   | 3 4 5 6 8 9 |  9.6
Dodging        | 3 4 5 7 8 10 | 10.5
Fighting       | 2 3 4 |  4.6
Throwing       | 3 4 5 |  5.8
Shields        | 1 2 3 |  3.9

Action                   |  1- 3 |  4- 6 |  7- 9 | 10-12 || total
-------------------------+-------+-------+-------+-------++-------
Melee: Dagger            |    72 |   229 |   439 |   310 ||  1050
Throw: Dart              |     8 |    43 |    32 |       ||    83
       Stone             |       |       |    24 |       ||    24
  Use: Scroll            |     4 |     5 |     6 |     7 ||    22
       Potion            |       |       |     5 |     1 ||     6
 Stab: Sleeping          |     8 |    13 |    32 |    27 ||    80
       Held in net/web   |       |       |     1 |       ||     1
       Distracted        |       |       |       |     1 ||     1
  Eat: Ration            |       |     1 |     3 |     2 ||     6
Armor: Robe              |     9 |    31 |    34 |     8 ||    82
Dodge: Dodged            |    25 |   135 |   264 |   177 ||   601
Block: Buckler           |    10 |    52 |    87 |    70 ||   219

Table legend:
 A = Non-vault XP
 B = Vault XP
 C = Vault XP percentage of total XP
 D = Non-vault monster count
 E = Vault monster count
 F = Vault count percentage of total count
                 A         B        C        D         E       F
            +---------+---------+-------+---------+---------+-------
      Total |   10053 |    3874 |  27.8 |     256 |      49 |  16.1
            +---------+---------+-------+---------+---------+-------
        D:1 |      41 |       0 |   0.0 |      16 |       0 |   0.0
        D:2 |      57 |      37 |  39.4 |      19 |       1 |   5.0
        D:3 |     184 |       0 |   0.0 |      28 |       0 |   0.0
        D:4 |     935 |     169 |  15.3 |      39 |       4 |   9.3
        D:5 |     533 |     126 |  19.1 |      22 |      13 |  37.1
        D:6 |     421 |       0 |   0.0 |      19 |       0 |   0.0
        D:7 |    1429 |    1616 |  53.1 |      31 |       2 |   6.1
        D:8 |    1524 |     973 |  39.0 |      24 |       5 |  17.2
        D:9 |    2258 |       0 |   0.0 |      24 |       0 |   0.0
       D:10 |    2320 |     455 |  16.4 |      31 |       1 |   3.1
       D:11 |     351 |       0 |   0.0 |       3 |       0 |   0.0
      Sewer |       0 |      82 | 100.0 |       0 |      21 | 100.0
   Gauntlet |       0 |     416 | 100.0 |       0 |       2 | 100.0
            +---------+---------+-------+---------+---------+-------
